 Dungeon Crawl Stone Soup version 0.29-a0-360-g8ed1089bbe (webtiles) character file.

Game seed: 3513191989423693968

134 deadleaves the Skirmisher (level 4, 0/55 HPs)
             Began as a Demonspawn Abyssal Knight on Apr 29, 2022.
             Was a Priest of Lugonu.
             Slain by dracfodder's ghost (1 damage)
             ... on level 3 of the Dungeon.
             The game lasted 00:08:34 (2799 turns).

deadleaves the Skirmisher (DsAK)                    Turns: 2799, Time: 00:08:34

Health: 0/55       AC: 22    Str: 21    XL:     4   Next: 95%
Magic:  6/6        EV:  2    Int: 12    God:    Lugonu [***...]
Gold:   127        SH:  4    Dex: 13    Spells: 3/3 levels left

rFire   . . .      SeeInvis .   a - +1 falchion
rCold   + . .      Faith    .   (no shield)
rNeg    . . .      Spirit   .   (body armour currently unavailable)
rPois   +          Reflect  .   (helmet currently unavailable)
rElec   .          Harm     .   (cloak currently unavailable)
rCorr   .          Rampage  .   (gloves currently unavailable)
Will    .....      NoTele   +   (boots currently unavailable)
Stlth   +.........              (no amulet)
HPRegen 0.18/turn               b - +6 ring of strength
MPRegen 0.10/turn               p - ring of protection from cold

@: tree-form, attractive
A: stationary, stasis, torment immunity, boosted hp, (large bone plates 1),
(spiny 1), condensation shield
a: Renounce Religion, Depart the Abyss, Bend Space, Banish


You were on level 3 of the Dungeon.
You worshipped Lugonu.
Lugonu was most pleased with you.
You were a tree.
You visited 1 branch of the dungeon, and saw 3 of its levels.
You visited the Abyss 1 time.

You collected 127 gold pieces.

Inventory:

Hand Weapons
 a - a +1 falchion (weapon)
Missiles
 j - 2 atropa-tipped darts (quivered)
Armour
 c - a +2 cloak of stealth (melded)
 d - a +0 pair of boots (melded)
 k - a +4 chain mail (melded)
Jewellery
 b - a +6 ring of strength (left branch)
 p - a ring of protection from cold (right branch)
Scrolls
 e - 3 scrolls of teleportation {unknown}
 f - a scroll of magic mapping
 g - a scroll of enchant armour
 n - a scroll of vulnerability
Potions
 l - a potion of ambrosia {unknown}
 m - a potion of magic {unknown}
 o - a potion of curing {unknown}
 q - a potion of mutation {unknown}


   Skills:
 + Level 3.8 Fighting
 + Level 2.8 Long Blades
 + Level 2.7 Armour
 - Level 0.8 Dodging
 + Level 3.8 Invocations


You had 3 spell levels left.
You didn't know any spells.
Your spell library was empty.

Dungeon Overview and Level Annotations

Branches:
Dungeon (3/15)

Altars:

Annotations:
D:3 dracfodder's ghost, amateur MiAK


Innate Abilities, Weirdness & Mutations

You are a tree.
Your roots penetrate the ground, keeping you stationary.
You cannot be teleported.
You are immune to unholy pain and torment.
Your maximum health is greatly increased.
Your equipment is partially melded.
((You are partially covered in large bone plates. (SH +4)))
((You are partially covered in sharp spines.))
A meltable shield of frost defends you. (SH +4)


Message History

Dracfodder's ghost hits you but does no damage.
You hit dracfodder's ghost.
Dracfodder's ghost is lightly damaged.
Dracfodder's ghost hits you! x2
You barely miss dracfodder's ghost.
Dracfodder's ghost is lightly damaged.
Dracfodder's ghost barely misses you.
You slash dracfodder's ghost!
Dracfodder's ghost is moderately damaged.
Dracfodder's ghost hits you!
You slash dracfodder's ghost!
Dracfodder's ghost is heavily damaged.
Dracfodder's ghost hits you but does no damage.
You hit dracfodder's ghost.
Dracfodder's ghost is heavily damaged.
Dracfodder's ghost hits you but does no damage.
You hit dracfodder's ghost.
Dracfodder's ghost is heavily damaged.
Dracfodder's ghost hits you but does no damage.
You closely miss dracfodder's ghost.
Dracfodder's ghost is heavily damaged.
Dracfodder's ghost hits you!
You closely miss dracfodder's ghost.
Dracfodder's ghost is heavily damaged.
Dracfodder's ghost hits you. x2
* * * LOW HITPOINT WARNING * * *
You barely miss dracfodder's ghost.
Dracfodder's ghost is heavily damaged.
Dracfodder's ghost hits you but does no damage.
You hit dracfodder's ghost.
Dracfodder's ghost is severely damaged.
Dracfodder's ghost hits you but does no damage.
You completely miss dracfodder's ghost.
Dracfodder's ghost is severely damaged.
Dracfodder's ghost hits you!
* * * LOW HITPOINT WARNING * * *
You closely miss dracfodder's ghost.
Dracfodder's ghost is severely damaged.
Dracfodder's ghost hits you.
You die...

#.......##.† #.
...##)......#... ..
.........<......
#.#..........).....
#.#...###...)).....
#....##⌠##...†..###
#...##...##.....#
#..##..?..##....#
#.♣W...♣..⌠#..#..#
####..##..!..##..#..##
#......##...##........
..........##⌠##.........
..#..#.#...###..........
#.......................
##..............#.......
................#.......
.#.............>##......


You could see dracfodder's ghost.

Vanquished Creatures
  An orc priest (D:3)
  Crazy Yiuf (D:2)
  2 adders
  A worm (D:2)
  2 orcs (D:3)
  7 ball pythons
  4 endoplasms
  5 giant cockroaches
  4 goblins
  3 hobgoblins (D:2)
  A jackal (D:3)
  2 quokkas (D:1)
  4 bats
  5 frilled lizards
  7 kobolds
  7 rats
56 creatures vanquished.

Notes
Turn   | Place    | Note
-------+----------+-------------------------------------------
     0 | Abyss:1  | deadleaves the Demonspawn Abyssal Knight began the quest
                  | for the Orb.
     0 | Abyss:1  | Reached XP level 1. HP: 18/18 MP: 2/2
     7 | D:1      | Escaped the Abyss
   433 | D:1      | Gained mutation: A meltable shield of frost defends you.
                  | (SH +4) [demonic ancestry]
   433 | D:1      | Reached XP level 2. HP: 21/24 MP: 4/4
  1481 | D:2      | Reached *** piety under Lugonu
  1573 | D:2      | Gained mutation: You are partially covered in sharp spines.
                  | [demonic ancestry]
  1573 | D:2      | Reached XP level 3. HP: 27/29 MP: 5/5
  1923 | D:2      | Found a faded altar of an unknown god.
  2164 | D:2      | Identified the +0 leather armour of Submission {Fly rC+}
  2278 | D:2      | Found a runed translucent door.
  2279 | D:2      | Noticed Crazy Yiuf
  2287 | D:2      | Killed Crazy Yiuf
  2288 | D:2      | Gained mutation: You are partially covered in large bone
                  | plates. (SH +4) [demonic ancestry]
  2288 | D:2      | Reached XP level 4. HP: 29/37 MP: 6/6
  2622 | D:3      | Noticed dracfodder's ghost (amateur MiAK)
  2773 | D:3      | Found a runed translucent door.
  2798 | D:3      | HP: 1/55 [dracfodder's ghost (12)]
  2799 | D:3      | Slain by dracfodder's ghost

Illustrated notes

Levels and vault maps discovered:
D:1:      dpeg_arrival_round_a, layout_basic
D:2:      minmay_recursive_quarters, layout_basic,
          shapermc_ecumenical_altar_mp_highgroup, uniq_crazy_yiuf_cottage
D:3:      layout_rooms, serial_shops, nicolae_shop_bloodbath_and_beyond,
          hellmonk_ghost_happy_afterlife, lemuel_another_geyser

Skill      XL: |  1  2 |
---------------+-------+-----
Armour         | 2 |  2.7
Long Blades    | 2 |  2.8
Invocations    | 3 |  3.8
Fighting       | |  3.8
Dodging        | |  0.8

Action                   |  1- 3 |  4- 6 || total
-------------------------+-------+-------++-------
Melee: Falchion          |   119 |    30 ||   149
  Use: Scroll            |     4 |       ||     4
       Potion            |       |     2 ||     2
 Stab: Invisible         |     1 |       ||     1
Armor: Leather armour    |    28 |       ||    28
       Plate armour      |    38 |       ||    38
       Chain mail        |     4 |     6 ||    10
       Skin              |       |     7 ||     7
Dodge: Dodged            |    49 |     7 ||    56
Block: Other             |    12 |     8 ||    20

Table legend: (Time is in decaauts)
 A = Elapsed time spent in this place.
 B = Non-inter-level travel time spent in this place.
 C = Inter-level travel time spent in this place.
 D = Time resting spent in this place.
 E = Time spent auto-exploring this place.
 F = Levels seen in this place.
 G = Mean time per level.
                   A        B        C        D        E       F      G
               +--------+--------+--------+--------+--------+-----+--------+
         Total |   2825 |   2620 |    205 |    159 |   1981 |   4 |  706.2 |
       Dungeon |   2818 |   2613 |    205 |    159 |   1981 |   3 |  939.3 |
         Abyss |      7 |      7 |      0 |      0 |      0 |   1 |    7.0 |
               +--------+--------+--------+--------+--------+-----+--------+

Top non-repeatable levels by time:
     D:1: 1360 daAuts
     D:2: 1277 daAuts
     D:3: 181 daAuts
 Abyss:1: 7 daAuts
